Rocket vs Icehogs
Created - June 8, 2023 at 19:56
Goals
|
| Rocket |
2 |
0 |
0 |
2 |
| Icehogs |
1 |
2 |
1 |
4 |
|
Shots
|
| Rocket |
14 |
18 |
9 |
41 |
| Icehogs |
12 |
11 |
7 |
30 |
|
1st period
1. Rocket , Scott Wilson 1 (Peter Holland 1) at 5:18
2. Icehogs , Stefan Matteau 1 (Michael Chaput 1, Hudson Fasching 2) at 9:50
3. Rocket , Karson Kuhlman 1 (Dalton Smith 1, Kole Sherwood 2) at 16:15
Penalties :
Brandon Pirri (Lav) for Hooking (Minor) at 13:15
2nd period
4. Icehogs , Patrick Russell 1 (Mikhail Grigorenko 1, Kristian Reichel 1) at 13:31
5. Icehogs , Mikhail Grigorenko 2 (Calle Andersson 1) at 17:13
Penalties :
Adam Gaudette (Lav) for Interference (Minor) at 10:33, Nick Mattson (Roc) for Slashing (Minor) at 14:43, Adam Gaudette (Lav) for Roughing (Minor) at 19:27
3rd period
6. Icehogs , Hudson Fasching 1 (Michael Chaput 2, Stefan Matteau 1) at 2:31
Penalties :
No Penalty
Goalie Stats
Aaron Dell (Lav), 26 saves from 30 shots - (0.867), L, 0-2-0, 60:00 minutes
Mackenzie Blackwood (Roc), 39 saves from 41 shots - (0.951), W, 2-0-0, 60:00 minutes
Players Stats for Rocket
Player Name G A P +/- PIM S H SB GA TA FO MP PP MP PK MP
------------------------------------------------------------------------------------
Adam Gaudette 0 0 0 -2 4 6 3 0 1 0 2/4 20:14 1:11 0:00
Andrei Mironov 0 0 0 1 0 0 1 1 0 0 0/0 14:04 0:00 0:00
Andrey Pedan 0 0 0 0 0 1 3 0 0 0 0/0 19:06 0:59 2:20
Brandon Pirri 0 0 0 -2 2 2 1 2 0 3 2/3 20:51 1:11 0:34
Corey Trivino 0 0 0 -2 0 4 0 1 0 2 17/36 19:45 1:11 0:18
Dalton Smith 0 1 1 1 0 1 1 0 0 0 0/1 12:42 0:00 1:46
Dean Kukan 0 0 0 -3 0 1 1 0 0 0 0/0 24:53 1:00 3:37
Dominic Turgeon 0 0 0 -1 0 0 0 0 1 0 1/4 9:01 0:00 1:28
Dylan DeMelo 0 0 0 1 0 2 0 4 0 0 0/0 17:11 0:59 0:00
Jack Glover 0 0 0 -3 0 5 3 0 0 0 0/0 25:08 1:00 2:20
Karson Kuhlman 1 0 1 1 0 1 3 1 1 0 4/11 14:09 0:00 3:21
Kole Sherwood 0 1 1 1 0 0 2 0 1 0 0/0 10:48 0:00 0:00
Mikhail Maltsev 0 0 0 -1 0 0 0 0 0 0 0/0 8:14 0:48 0:00
Peter Holland 0 1 1 0 0 5 3 0 2 0 6/8 15:24 0:48 0:00
Scott Wilson 1 0 1 0 0 8 2 0 2 0 2/2 17:20 0:48 1:05
Sergey Tolchinsky 0 0 0 0 0 2 0 1 2 0 1/1 18:07 0:00 3:22
Ty Rattie 0 0 0 -1 0 3 2 0 1 0 0/0 7:25 0:00 0:00
Viktor Loov 0 0 0 0 0 0 0 0 0 2 0/0 19:38 0:00 3:37
Players Stats for Icehogs
Player Name G A P +/- PIM S H SB GA TA FO MP PP MP PK MP
------------------------------------------------------------------------------------
Andrew Mangiapane 0 0 0 -1 0 4 2 0 0 1 0/0 20:19 2:35 1:47
Calle Andersson 0 1 1 1 0 0 0 0 0 0 0/0 12:34 0:00 1:47
Clark Bishop 0 0 0 -1 0 0 2 1 0 1 9/15 18:11 2:35 0:00
Duncan Siemens 0 0 0 0 0 1 0 2 0 0 0/0 10:16 0:00 0:00
Hudson Fasching 1 1 2 1 0 1 1 0 2 1 1/2 19:51 3:22 0:00
Jeremy Davies 0 0 0 0 0 0 0 0 0 0 0/0 4:46 0:00 0:00
JJ. Piccinich 0 0 0 0 0 0 0 0 0 0 0/0 5:31 0:00 0:00
Julius Honka 0 0 0 0 0 1 2 2 0 1 0/0 18:50 2:11 0:12
Kristian Reichel 0 1 1 2 0 0 1 0 0 2 6/14 14:01 0:00 0:00
Kurtis Gabriel 0 0 0 -1 0 1 2 1 0 0 0/0 18:11 2:35 0:00
Mattias Janmark 0 0 0 0 0 0 0 0 0 0 1/1 1:28 0:00 0:00
Michael Chaput 0 2 2 1 0 3 1 0 1 0 13/30 20:03 3:22 0:12
Mike Reilly 0 0 0 2 0 3 5 4 0 0 0/0 26:08 3:46 1:47
Mikhail Grigorenko 1 1 2 2 0 6 1 2 0 2 0/0 14:13 0:00 0:12
Mitchell Chaffee 0 0 0 0 0 0 0 0 0 0 0/0 0:00 0:00 0:00
Myles Bell 0 0 0 0 0 1 0 0 1 0 0/0 5:31 0:00 0:00
Nick Mattson 0 0 0 1 2 2 0 2 0 1 0/0 24:10 3:46 0:00
Nick Paul 0 0 0 0 0 0 0 0 0 0 0/0 0:06 0:00 0:00
Patrick Russell 1 0 1 2 0 2 0 0 0 1 0/0 14:01 0:00 0:00
Patrick Sieloff 0 0 0 0 0 1 3 0 0 1 0/0 18:50 2:11 0:12
Ross Johnston 0 0 0 0 0 0 0 0 0 0 0/0 0:00 0:00 0:00
Stefan Matteau 1 1 2 1 0 4 6 1 3 0 5/8 26:14 3:22 1:47
Zach Whitecloud 0 0 0 0 0 0 0 0 0 0 0/0 4:46 0:00 0:00
3 Stars
1 - Stefan Matteau (Roc)
2 - Mikhail Grigorenko (Roc)
3 - Mackenzie Blackwood (Roc)
Power Play
Rocket - 0 on 1 Attempt(s) - 0.00%
Icehogs - 0 on 3 Attempt(s) - 0.00%
Penalty Kill
Rocket - 3 on 3 Attempt(s) - 100.00%
- Score 0 goal in Penalty Kill
Icehogs - 1 on 1 Attempt(s) - 100.00%
- Score 0 goal in Penalty Kill
Team Stat
Rocket - Hits : 25 - Faceoff Wins : 35 - Blocked Shots : 10 - Penalty Minutes : 6
Icehogs - Hits : 26 - Faceoff Wins : 35 - Blocked Shots : 15 - Penalty Minutes : 2
Official
Referees : Kevin Pollock and Tim Peel
Linesman : Brian Mach and Andrew Smith
Game Notes
No Game Note
Finance
Level 1 -- Attendance: 2000 (100.00%) -- Ticket Income $70,000
Level 2 -- Attendance: 1000 (100.00%) -- Ticket Income $15,000
Total Attendance: 3000 (100.00%)
Total Ticket Income: $85,000
Other Income: $4,250
Total Income: $89,250
Rocket
5 vs 5 Forward
Center Left Wing Right Wing Time % Phy DF OF
1 Corey Trivino Brandon Pirri Adam Gaudette 40 0 2 3
2 Peter Holland Sergey Tolchinsky Scott Wilson 30 0 2 3
3 Karson Kuhlman Dalton Smith Kole Sherwood 20 0 3 2
4 Dominic Turgeon Mikhail Maltsev Ty Rattie 10 0 3 2
5 vs 5 Defense
Defense Defense Time % Phy DF OF
1 Dean Kukan Jack Glover 40 0 2 3
2 Andrey Pedan Viktor Loov 30 0 2 3
3 Dylan DeMelo Andrei Mironov 20 0 3 2
4 Jack Glover Dylan DeMelo 10 0 1 4
PowerPlay Forward
Center Left Wing Right Wing Time % Phy DF OF
1 Corey Trivino Brandon Pirri Adam Gaudette 60 0 2 3
2 Peter Holland Mikhail Maltsev Scott Wilson 40 0 2 3
PowerPlay Defense
Defense Defense Time % Phy DF OF
1 Dean Kukan Jack Glover 60 0 2 3
2 Andrey Pedan Dylan DeMelo 40 0 2 3
Penalty Kill 4 Players Forward
Center Wing Time % Phy DF OF
1 Karson Kuhlman Sergey Tolchinsky 60 0 4 1
2 Dominic Turgeon Dalton Smith 40 0 4 1
Penalty Kill 4 Players Defense
Defense Defense Time % Phy DF OF
1 Dean Kukan Viktor Loov 60 0 4 1
2 Andrey Pedan Jack Glover 40 0 4 1
Penalty Kill - 3 Players Forward
Forward Time % Phy DF OF
1 Peter Holland 60 0 5 0
2 Karson Kuhlman 40 0 5 0
Penalty Kill - 3 Players Defense
Defense Defense Time % Phy DF OF
1 Andrei Mironov Andrey Pedan 60 0 5 0
2 Dean Kukan Dylan DeMelo 40 0 5 0
4 vs 4 Forward
Center Wing Time % Phy DF OF
1 Dominic Turgeon Adam Gaudette 60 1 2 2
2 Corey Trivino Brandon Pirri 40 1 2 2
4 vs 4 Defense
Defense Defense Time % Phy DF OF
1 Dean Kukan Viktor Loov 60 1 2 2
2 Andrey Pedan Jack Glover 40 1 2 2
Last Minutes Offensive
Center Left Wing Right Wing Defense Defense
Corey Trivino Brandon Pirri Adam Gaudette Dean Kukan Jack Glover
Last Minutes Defensive
Center Left Wing Right Wing Defense Defense
Corey Trivino Brandon Pirri Adam Gaudette Dean Kukan Viktor Loov
Goaltenders
Starting : Aaron Dell
Backup : Cayden Primeau
Extra Forwards
Normal : Adam Gaudette, Brandon Pirri, Corey Trivino - PP : Adam Gaudette, Brandon Pirri - PK : Scott Wilson
Extra Defensemen
Normal : Jack Glover, Dylan DeMelo, Andrei Mironov - PP : Jack Glover - PK : Dylan DeMelo, Andrei Mironov
Penalty Shots
Adam Gaudette, Scott Wilson, Corey Trivino, Brandon Pirri, Peter Holland
Scratches
Branden Troock (Healthy), Reese Johnson (Healthy), Guillaume Brisebois (Healthy), Jiri Sekac (Healthy), Ryan Collins (Healthy)
Tyler Lewington (Healthy), MacKenzie Entwistle (Healthy), Luke Kunin (Healthy), Connor Ingram (Healthy)
Icehogs
5 vs 5 Forward
Center Left Wing Right Wing Time % Phy DF OF
1 Michael Chaput Stefan Matteau Hudson Fasching 40 1 2 2
2 Clark Bishop Andrew Mangiapane Kurtis Gabriel 30 1 2 2
3 Kristian Reichel Mikhail Grigorenko Patrick Russell 20 1 2 2
4 Stefan Matteau Myles Bell JJ. Piccinich 10 1 2 2
5 vs 5 Defense
Defense Defense Time % Phy DF OF
1 Nick Mattson Mike Reilly 40 1 2 2
2 Patrick Sieloff Julius Honka 30 1 2 2
3 Duncan Siemens Calle Andersson 20 1 2 2
4 Jeremy Davies Zach Whitecloud 10 1 2 2
PowerPlay Forward
Center Left Wing Right Wing Time % Phy DF OF
1 Michael Chaput Stefan Matteau Hudson Fasching 60 1 2 2
2 Clark Bishop Andrew Mangiapane Kurtis Gabriel 40 1 2 2
PowerPlay Defense
Defense Defense Time % Phy DF OF
1 Nick Mattson Mike Reilly 60 1 2 2
2 Patrick Sieloff Julius Honka 40 1 2 2
Penalty Kill 4 Players Forward
Center Wing Time % Phy DF OF
1 Stefan Matteau Andrew Mangiapane 60 1 2 2
2 Michael Chaput Mikhail Grigorenko 40 1 2 2
Penalty Kill 4 Players Defense
Defense Defense Time % Phy DF OF
1 Nick Mattson Mike Reilly 60 1 2 2
2 Patrick Sieloff Julius Honka 40 1 2 2
Penalty Kill - 3 Players Forward
Forward Time % Phy DF OF
1 Stefan Matteau 60 1 2 2
2 Andrew Mangiapane 40 1 2 2
Penalty Kill - 3 Players Defense
Defense Defense Time % Phy DF OF
1 Nick Mattson Mike Reilly 60 1 2 2
2 Patrick Sieloff Julius Honka 40 1 2 2
4 vs 4 Forward
Center Wing Time % Phy DF OF
1 Stefan Matteau Andrew Mangiapane 60 1 2 2
2 Michael Chaput Mikhail Grigorenko 40 1 2 2
4 vs 4 Defense
Defense Defense Time % Phy DF OF
1 Nick Mattson Mike Reilly 60 1 2 2
2 Patrick Sieloff Julius Honka 40 1 2 2
Last Minutes Offensive
Center Left Wing Right Wing Defense Defense
Michael Chaput Stefan Matteau Hudson Fasching Nick Mattson Mike Reilly
Last Minutes Defensive
Center Left Wing Right Wing Defense Defense
Michael Chaput Stefan Matteau Hudson Fasching Nick Mattson Mike Reilly
Goaltenders
Starting : Mackenzie Blackwood
Backup : Mark Visentin
Extra Forwards
Normal : Mattias Janmark, Nick Paul, Ross Johnston - PP : Mattias Janmark, Nick Paul - PK : Ross Johnston
Extra Defensemen
Normal : Duncan Siemens, Calle Andersson, Jeremy Davies - PP : Duncan Siemens - PK : Calle Andersson, Jeremy Davies
Penalty Shots
Stefan Matteau, Andrew Mangiapane, Michael Chaput, Mikhail Grigorenko, Hudson Fasching
Scratches
J.T. Brown (Broken Bone (Left Ankle) Injury), Nikita Scherbak (Healthy), Dillon Dube (Healthy), Jackson Cates (Healthy), Andrew Poturalski (Healthy)
Michael Giugovaz (Healthy), Jack LaFontaine (Healthy)
% Time on Ice - Rocket
Lines # - Real PCT - Wanted PCT - Time Play
Normal Forward
1 - 37% - 40% - 19:07
2 - 28% - 30% - 14:44
3 - 21% - 20% - 10:48
4 - 14% - 10% - 7:25
Normal Defense
1 - 39% - 40% - 20:16
2 - 30% - 30% - 15:47
3 - 23% - 20% - 11:53
4 - 8% - 10% - 4:08
PP Forward
1 - 60% - 60% - 1:11
2 - 40% - 40% - 0:48
PP Defense
1 - 50% - 60% - 1:00
2 - 50% - 40% - 0:59
PK Forward
1 - 75% - 60% - 4:29
2 - 25% - 40% - 1:28
PK Defense
1 - 61% - 60% - 3:37
2 - 39% - 40% - 2:20
PK3 Forward
1 - 0% - 60%
2 - 0% - 40%
PK3 Defense
1 - 0% - 60%
2 - 0% - 40%
44 Forward
1 - 0% - 60%
2 - 0% - 40%
44 Defense
1 - 0% - 60%
2 - 0% - 40%
Last Minute Offensive - 0:00
Last Minute Defensive - 0:00
Total
Forward - 60:00
Defense - 60:00
|
% Time on Ice - Icehogs
Lines # - Real PCT - Wanted PCT - Time Play
Normal Forward
1 - 33% - 40% - 16:56
2 - 30% - 30% - 15:36
3 - 27% - 20% - 14:01
4 - 11% - 10% - 5:31
Normal Defense
1 - 40% - 40% - 20:35
2 - 32% - 30% - 16:27
3 - 20% - 20% - 10:16
4 - 9% - 10% - 4:46
PP Forward
1 - 57% - 60% - 3:22
2 - 43% - 40% - 2:35
PP Defense
1 - 63% - 60% - 3:46
2 - 37% - 40% - 2:11
PK Forward
1 - 90% - 60% - 1:47
2 - 10% - 40% - 0:12
PK Defense
1 - 90% - 60% - 1:47
2 - 10% - 40% - 0:12
PK3 Forward
1 - 0% - 60%
2 - 0% - 40%
PK3 Defense
1 - 0% - 60%
2 - 0% - 40%
44 Forward
1 - 0% - 60%
2 - 0% - 40%
44 Defense
1 - 0% - 60%
2 - 0% - 40%
Last Minute Offensive - 0:00
Last Minute Defensive - 0:00
Total
Forward - 60:00
Defense - 60:00
|
Play-by-Play
1st period
0:01 of 1st period - Michael Chaput wins face-off versus Corey Trivino in neutral zone.
1:34 of 1st period - Stefan Matteau is hit by Adam Gaudette and loses puck.
1:47 of 1st period - Wrist shot by Andrew Mangiapane.
1:47 of 1st period - Shot Blocked by Dylan DeMelo.
1:49 of 1st period - Wrist shot by Andrew Mangiapane.
1:49 of 1st period - Stopped by Aaron Dell with a rebound.
1:51 of 1st period - Slapshot by Julius Honka.
1:51 of 1st period - Shot Blocked by Dylan DeMelo.
1:53 of 1st period - Snap shot by Clark Bishop.
1:53 of 1st period - Shot Misses the Net.
1:55 of 1st period - Slapshot by Julius Honka.
1:55 of 1st period - Stopped by Aaron Dell with a rebound.
2:43 of 1st period - Dean Kukan is hit by Stefan Matteau and loses puck.
3:22 of 1st period - Snap shot by Ty Rattie.
3:22 of 1st period - Stopped by Mackenzie Blackwood without a rebound.
3:23 of 1st period - Clark Bishop wins face-off versus Corey Trivino in Icehogs zone.
4:37 of 1st period - Snap shot by Corey Trivino.
4:37 of 1st period - Stopped by Mackenzie Blackwood with a rebound.
4:39 of 1st period - Wrist shot by Corey Trivino.
4:39 of 1st period - Deflect By Brandon Pirri.
4:39 of 1st period - Deflect By Andrew Mangiapane.
4:39 of 1st period - Shot Misses the Net.
4:39 of 1st period - Puck is out of play.
4:40 of 1st period - Michael Chaput wins face-off versus Corey Trivino in Icehogs zone.
5:05 of 1st period - Nick Mattson is hit by Peter Holland and loses puck.
5:10 of 1st period - Backhand shot by Scott Wilson.
5:10 of 1st period - Shot Misses the Net.
5:12 of 1st period - Snap shot by Sergey Tolchinsky.
5:12 of 1st period - Shot Misses the Net.
5:14 of 1st period - Backhand shot by Viktor Loov.
5:14 of 1st period - Deflect By Scott Wilson.
5:14 of 1st period - Shot Blocked by Mikhail Grigorenko.
5:14 of 1st period - Puck is out of play.
5:15 of 1st period - Peter Holland wins face-off versus Michael Chaput in Icehogs zone.
5:18 of 1st period - Wrist shot by Scott Wilson.
5:18 of 1st period - Goal by Scott Wilson - Rocket : 1 - Icehogs : 0.
5:19 of 1st period - Michael Chaput wins face-off versus Corey Trivino in neutral zone.
5:30 of 1st period - Snap shot by Michael Chaput.
5:30 of 1st period - Stopped by Aaron Dell without a rebound.
5:31 of 1st period - Michael Chaput wins face-off versus Adam Gaudette in Rocket zone.
5:42 of 1st period - Slapshot by Brandon Pirri.
5:42 of 1st period - Deflect By Corey Trivino.
5:42 of 1st period - Stopped by Mackenzie Blackwood with a rebound.
5:44 of 1st period - Snap shot by Corey Trivino.
5:44 of 1st period - Stopped by Mackenzie Blackwood with a rebound.
5:46 of 1st period - Wrist shot by Dean Kukan.
5:46 of 1st period - Stopped by Mackenzie Blackwood with a rebound.
5:56 of 1st period - Sergey Tolchinsky is hit by Kurtis Gabriel and loses puck.
6:05 of 1st period - Slapshot by Peter Holland.
6:05 of 1st period - Stopped by Mackenzie Blackwood with a rebound.
6:23 of 1st period - Zach Whitecloud is hit by Dalton Smith and loses puck.
7:43 of 1st period - Snap shot by Mikhail Grigorenko.
7:43 of 1st period - Deflect By Sergey Tolchinsky.
7:43 of 1st period - Shot Misses the Net.
7:43 of 1st period - Puck is out of play.
7:44 of 1st period - Peter Holland wins face-off versus Kristian Reichel in Rocket zone.
7:59 of 1st period - Dean Kukan is hit by Mikhail Grigorenko and loses puck.
8:06 of 1st period - Peter Holland is hit by Patrick Sieloff and loses puck.
8:13 of 1st period - Julius Honka is hit by Jack Glover and loses puck.
8:26 of 1st period - Wrist shot by Mikhail Grigorenko.
8:26 of 1st period - Shot Misses the Net.
8:28 of 1st period - Snap shot by Patrick Sieloff.
8:28 of 1st period - Deflect By Mikhail Grigorenko.
8:28 of 1st period - Shot Misses the Net.
8:28 of 1st period - Puck is out of play.
8:29 of 1st period - Michael Chaput wins face-off versus Corey Trivino in Rocket zone.
8:38 of 1st period - Slapshot by Adam Gaudette.
8:38 of 1st period - Shot Blocked by Stefan Matteau.
8:40 of 1st period - Wrist shot by Dylan DeMelo.
8:40 of 1st period - Deflect By Corey Trivino.
8:40 of 1st period - Shot Misses the Net.
8:40 of 1st period - Puck is out of play.
8:41 of 1st period - Corey Trivino wins face-off versus Michael Chaput in Icehogs zone.
9:11 of 1st period - Snap shot by Andrew Mangiapane.
9:11 of 1st period - Stopped by Aaron Dell with a rebound.
9:13 of 1st period - Wrist shot by Andrew Mangiapane.
9:13 of 1st period - Stopped by Aaron Dell with a rebound.
9:15 of 1st period - Snap shot by Nick Mattson.
9:15 of 1st period - Deflect By Andrew Mangiapane.
9:15 of 1st period - Shot Blocked by Karson Kuhlman.
9:15 of 1st period - Puck is out of play.
9:16 of 1st period - Michael Chaput wins face-off versus Corey Trivino in Rocket zone.
9:19 of 1st period - Wrist shot by Hudson Fasching.
9:19 of 1st period - Shot Blocked by Corey Trivino.
9:21 of 1st period - Snap shot by Michael Chaput.
9:21 of 1st period - Shot Misses the Net.
9:23 of 1st period - Slapshot by Duncan Siemens.
9:23 of 1st period - Stopped by Aaron Dell without a rebound.
9:24 of 1st period - Corey Trivino wins face-off versus Michael Chaput in Rocket zone.
9:29 of 1st period - Viktor Loov is hit by Hudson Fasching and loses puck.
9:34 of 1st period - Wrist shot by Stefan Matteau.
9:34 of 1st period - Stopped by Aaron Dell with a rebound.
9:36 of 1st period - Wrist shot by Stefan Matteau.
9:36 of 1st period - Stopped by Aaron Dell with a rebound.
9:48 of 1st period - Wrist shot by Michael Chaput.
9:48 of 1st period - Stopped by Aaron Dell with a rebound.
9:50 of 1st period - Wrist shot by Stefan Matteau.
9:50 of 1st period - Goal by Stefan Matteau - Rocket : 1 - Icehogs : 1.
9:51 of 1st period - Clark Bishop wins face-off versus Karson Kuhlman in neutral zone.
9:58 of 1st period - Slapshot by Jack Glover.
9:58 of 1st period - Shot Hit the Post.
10:04 of 1st period - Snap shot by Karson Kuhlman.
10:04 of 1st period - Shot Blocked by Mike Reilly.
10:16 of 1st period - Sergey Tolchinsky is hit by Stefan Matteau and loses puck.
10:27 of 1st period - Wrist shot by Michael Chaput.
10:27 of 1st period - Shot Hit the Post.
10:29 of 1st period - Slapshot by Nick Mattson.
10:29 of 1st period - Deflect By Sergey Tolchinsky.
10:29 of 1st period - Stopped by Aaron Dell with a rebound.
10:49 of 1st period - Slapshot by Adam Gaudette.
10:49 of 1st period - Deflect By Corey Trivino.
10:49 of 1st period - Shot Blocked by Mikhail Grigorenko.
10:49 of 1st period - Puck is out of play.
10:50 of 1st period - Karson Kuhlman wins face-off versus Clark Bishop in Icehogs zone.
10:55 of 1st period - Slapshot by Dylan DeMelo.
10:55 of 1st period - Stopped by Mackenzie Blackwood with a rebound.
11:17 of 1st period - Backhand shot by Scott Wilson.
11:17 of 1st period - Stopped by Mackenzie Blackwood without a rebound.
11:18 of 1st period - Peter Holland wins face-off versus Stefan Matteau in Icehogs zone.
11:44 of 1st period - Snap shot by Mike Reilly.
11:44 of 1st period - Shot Blocked by Brandon Pirri.
12:49 of 1st period - Snap shot by Peter Holland.
12:49 of 1st period - Stopped by Mackenzie Blackwood without a rebound.
12:50 of 1st period - Clark Bishop wins face-off versus Brandon Pirri in Icehogs zone.
12:50 of 1st period - Clark Bishop is hit by Andrei Mironov.
12:53 of 1st period - Icing by Andrew Mangiapane.
12:54 of 1st period - Brandon Pirri wins face-off versus Clark Bishop in Icehogs zone.
13:15 of 1st period - Minor Penalty to Brandon Pirri for Hooking.
13:16 of 1st period - Karson Kuhlman wins face-off versus Michael Chaput in Rocket zone.
15:15 of 1st period - Penalty to Brandon Pirri is over, Brandon Pirri is back on ice.
15:24 of 1st period - Snap shot by Mike Reilly.
15:24 of 1st period - Stopped by Aaron Dell without a rebound.
15:25 of 1st period - Corey Trivino wins face-off versus Kristian Reichel in Rocket zone.
15:50 of 1st period - Andrei Mironov is hit by Stefan Matteau and loses puck.
16:15 of 1st period - Snap shot by Karson Kuhlman.
16:15 of 1st period - Goal by Karson Kuhlman - Rocket : 2 - Icehogs : 1.
16:16 of 1st period - Michael Chaput wins face-off versus Corey Trivino in neutral zone.
16:50 of 1st period - Snap shot by Peter Holland.
16:50 of 1st period - Shot Blocked by Nick Mattson.
17:08 of 1st period - Slapshot by Dylan DeMelo.
17:08 of 1st period - Stopped by Mackenzie Blackwood without a rebound.
17:09 of 1st period - Brandon Pirri wins face-off versus Michael Chaput in Icehogs zone.
17:50 of 1st period - Sergey Tolchinsky is hit by Clark Bishop and loses puck.
18:26 of 1st period - Wrist shot by Peter Holland.
18:26 of 1st period - Shot Misses the Net.
18:28 of 1st period - Snap shot by Scott Wilson.
18:28 of 1st period - Shot Blocked by Julius Honka.
18:30 of 1st period - Slapshot by Andrei Mironov.
18:30 of 1st period - Shot Blocked by Kurtis Gabriel.
18:36 of 1st period - Snap shot by Scott Wilson.
18:36 of 1st period - Stopped by Mackenzie Blackwood without a rebound.
18:37 of 1st period - Michael Chaput wins face-off versus Corey Trivino in Icehogs zone.
19:28 of 1st period - Slapshot by Jack Glover.
19:28 of 1st period - Stopped by Mackenzie Blackwood without a rebound.
19:29 of 1st period - Stefan Matteau wins face-off versus Dominic Turgeon in Icehogs zone.
19:29 of 1st period - Stefan Matteau is hit by Ty Rattie.
19:52 of 1st period - Mikhail Grigorenko is hit by Andrey Pedan and loses puck.
Goals for this period are 2 for Rocket vs 1 for Icehogs.
Shots for this period are 14 for Rocket vs 12 for Icehogs.
2nd period
0:01 of 2nd period - Corey Trivino wins face-off versus Michael Chaput in neutral zone.
0:06 of 2nd period - Snap shot by Brandon Pirri.
0:06 of 2nd period - Deflect By Adam Gaudette.
0:06 of 2nd period - Stopped by Mackenzie Blackwood with a rebound.
0:08 of 2nd period - Slapshot by Jack Glover.
0:08 of 2nd period - Deflect By Brandon Pirri.
0:08 of 2nd period - Shot Misses the Net.
0:08 of 2nd period - Puck is out of play.
0:09 of 2nd period - Adam Gaudette wins face-off versus Michael Chaput in Icehogs zone.
0:10 of 2nd period - Slapshot by Brandon Pirri.
0:10 of 2nd period - Stopped by Mackenzie Blackwood without a rebound.
0:11 of 2nd period - Corey Trivino wins face-off versus Michael Chaput in Icehogs zone.
0:12 of 2nd period - Wrist shot by Brandon Pirri.
0:12 of 2nd period - Stopped by Mackenzie Blackwood without a rebound.
0:13 of 2nd period - Corey Trivino wins face-off versus Michael Chaput in Icehogs zone.
0:18 of 2nd period - Slapshot by Adam Gaudette.
0:18 of 2nd period - Stopped by Mackenzie Blackwood without a rebound.
0:19 of 2nd period - Corey Trivino wins face-off versus Michael Chaput in Icehogs zone.
0:26 of 2nd period - Corey Trivino is hit by Mike Reilly.
0:30 of 2nd period - Slapshot by Jack Glover.
0:30 of 2nd period - Stopped by Mackenzie Blackwood with a rebound.
0:44 of 2nd period - Wrist shot by Scott Wilson.
0:44 of 2nd period - Shot Blocked by Nick Mattson.
0:46 of 2nd period - Backhand shot by Jack Glover.
0:46 of 2nd period - Stopped by Mackenzie Blackwood without a rebound.
0:47 of 2nd period - Clark Bishop wins face-off versus Peter Holland in Icehogs zone.
0:59 of 2nd period - Wrist shot by Scott Wilson.
0:59 of 2nd period - Stopped by Mackenzie Blackwood with a rebound.
1:01 of 2nd period - Snap shot by Sergey Tolchinsky.
1:01 of 2nd period - Shot Blocked by Clark Bishop.
1:03 of 2nd period - Slapshot by Viktor Loov.
1:03 of 2nd period - Deflect By Sergey Tolchinsky.
1:03 of 2nd period - Stopped by Mackenzie Blackwood without a rebound.
1:04 of 2nd period - Hudson Fasching wins face-off versus Corey Trivino in Icehogs zone.
1:17 of 2nd period - Snap shot by Hudson Fasching.
1:17 of 2nd period - Shot Misses the Net.
1:40 of 2nd period - Wrist shot by Dalton Smith.
1:40 of 2nd period - Stopped by Mackenzie Blackwood without a rebound.
1:41 of 2nd period - Peter Holland wins face-off versus Hudson Fasching in Icehogs zone.
2:06 of 2nd period - Julius Honka is hit by Brandon Pirri and loses puck.
2:29 of 2nd period - Slapshot by Viktor Loov.
2:29 of 2nd period - Shot Blocked by Mike Reilly.
2:35 of 2nd period - Andrey Pedan is hit by Mike Reilly and loses puck.
2:57 of 2nd period - Slapshot by Ty Rattie.
2:57 of 2nd period - Stopped by Mackenzie Blackwood without a rebound.
2:58 of 2nd period - Corey Trivino wins face-off versus Clark Bishop in Icehogs zone.
3:51 of 2nd period - Snap shot by Patrick Russell.
3:51 of 2nd period - Shot Blocked by Dylan DeMelo.
3:57 of 2nd period - Kole Sherwood is hit by Julius Honka.
4:19 of 2nd period - Icing by Dominic Turgeon.
4:20 of 2nd period - Clark Bishop wins face-off versus Corey Trivino in Rocket zone.
4:29 of 2nd period - Wrist shot by Adam Gaudette.
4:29 of 2nd period - Stopped by Mackenzie Blackwood with a rebound.
4:54 of 2nd period - Slapshot by Stefan Matteau.
4:54 of 2nd period - Shot Misses the Net.
5:04 of 2nd period - Mikhail Grigorenko is hit by Andrey Pedan and loses puck.
5:13 of 2nd period - Slapshot by Mikhail Grigorenko.
5:13 of 2nd period - Stopped by Aaron Dell with a rebound.
5:31 of 2nd period - Slapshot by Andrey Pedan.
5:31 of 2nd period - Shot Blocked by Duncan Siemens.
5:40 of 2nd period - Icing by Duncan Siemens.
5:41 of 2nd period - Adam Gaudette wins face-off versus Stefan Matteau in Icehogs zone.
5:42 of 2nd period - Wrist shot by Brandon Pirri.
5:42 of 2nd period - Deflect By Adam Gaudette.
5:42 of 2nd period - Shot Blocked by Duncan Siemens.
5:42 of 2nd period - Puck is out of play.
5:43 of 2nd period - Corey Trivino wins face-off versus Clark Bishop in Icehogs zone.
5:48 of 2nd period - Snap shot by Adam Gaudette.
5:48 of 2nd period - Stopped by Mackenzie Blackwood with a rebound.
5:58 of 2nd period - Snap shot by Brandon Pirri.
5:58 of 2nd period - Shot Misses the Net.
6:40 of 2nd period - Wrist shot by Mikhail Grigorenko.
6:40 of 2nd period - Stopped by Aaron Dell without a rebound.
6:41 of 2nd period - Michael Chaput wins face-off versus Adam Gaudette in Rocket zone.
7:17 of 2nd period - Clark Bishop is hit by Peter Holland and loses puck.
7:58 of 2nd period - Snap shot by Stefan Matteau.
7:58 of 2nd period - Stopped by Aaron Dell with a rebound.
8:32 of 2nd period - Mikhail Grigorenko is hit by Scott Wilson and loses puck.
8:51 of 2nd period - Karson Kuhlman is hit by Andrew Mangiapane and loses puck.
8:56 of 2nd period - Slapshot by Andrew Mangiapane.
8:56 of 2nd period - Stopped by Aaron Dell with a rebound.
9:04 of 2nd period - Kurtis Gabriel is hit by Karson Kuhlman and loses puck.
9:17 of 2nd period - Jack Glover is hit by Stefan Matteau and loses puck.
9:23 of 2nd period - Icing by Dean Kukan.
9:24 of 2nd period - Dominic Turgeon wins face-off versus Kristian Reichel in Rocket zone.
9:31 of 2nd period - Icing by Mikhail Grigorenko.
9:32 of 2nd period - Corey Trivino wins face-off versus Kristian Reichel in Icehogs zone.
9:35 of 2nd period - Slapshot by Brandon Pirri.
9:35 of 2nd period - Shot Misses the Net.
9:43 of 2nd period - Slapshot by Nick Mattson.
9:43 of 2nd period - Stopped by Aaron Dell with a rebound.
9:45 of 2nd period - Slapshot by Mike Reilly.
9:45 of 2nd period - Stopped by Aaron Dell with a rebound.
9:47 of 2nd period - Slapshot by Mike Reilly.
9:47 of 2nd period - Stopped by Aaron Dell without a rebound.
9:48 of 2nd period - Sergey Tolchinsky wins face-off versus Michael Chaput in Rocket zone.
10:04 of 2nd period - Off-side.
10:05 of 2nd period - Corey Trivino wins face-off versus Clark Bishop in neutral zone.
10:10 of 2nd period - Wrist shot by Adam Gaudette.
10:10 of 2nd period - Stopped by Mackenzie Blackwood without a rebound.
10:11 of 2nd period - Clark Bishop wins face-off versus Corey Trivino in Icehogs zone.
10:11 of 2nd period - Clark Bishop is hit by Jack Glover.
10:23 of 2nd period - Snap shot by Kurtis Gabriel.
10:23 of 2nd period - Shot Blocked by Brandon Pirri.
10:33 of 2nd period - Minor Penalty to Adam Gaudette for Interference.
10:34 of 2nd period - Karson Kuhlman wins face-off versus Michael Chaput in Rocket zone.
10:34 of 2nd period - Karson Kuhlman is hit by Stefan Matteau.
10:48 of 2nd period - Slapshot by Michael Chaput.
10:48 of 2nd period - Stopped by Aaron Dell without a rebound.
10:49 of 2nd period - Karson Kuhlman wins face-off versus Michael Chaput in Rocket zone.
12:21 of 2nd period - Julius Honka is hit by Jack Glover and loses puck.
12:33 of 2nd period - Penalty to Adam Gaudette is over, Adam Gaudette is back on ice.
12:53 of 2nd period - Snap shot by Adam Gaudette.
12:53 of 2nd period - Shot Misses the Net.
13:07 of 2nd period - Snap shot by Myles Bell.
13:07 of 2nd period - Stopped by Aaron Dell with a rebound.
13:09 of 2nd period - Snap shot by Stefan Matteau.
13:09 of 2nd period - Shot Misses the Net.
13:25 of 2nd period - Snap shot by Dominic Turgeon.
13:25 of 2nd period - Deflect By Ty Rattie.
13:25 of 2nd period - Stopped by Mackenzie Blackwood without a rebound.
13:26 of 2nd period - Kristian Reichel wins face-off versus Dominic Turgeon in Icehogs zone.
13:31 of 2nd period - Snap shot by Patrick Russell.
13:31 of 2nd period - Goal by Patrick Russell - Rocket : 2 - Icehogs : 2.
13:32 of 2nd period - Scott Wilson wins face-off versus Michael Chaput in neutral zone.
13:42 of 2nd period - Jack Glover is hit by Stefan Matteau and loses puck.
14:24 of 2nd period - Icing by Karson Kuhlman.
14:25 of 2nd period - Kristian Reichel wins face-off versus Dalton Smith in Rocket zone.
14:43 of 2nd period - Minor Penalty to Nick Mattson for Slashing.
14:44 of 2nd period - Stefan Matteau wins face-off versus Corey Trivino in Icehogs zone.
15:13 of 2nd period - Icing by Scott Wilson.
15:14 of 2nd period - Stefan Matteau wins face-off versus Peter Holland in Rocket zone.
15:49 of 2nd period - Slapshot by Scott Wilson.
15:49 of 2nd period - Shot Misses the Net.
15:51 of 2nd period - Backhand shot by Andrey Pedan.
15:51 of 2nd period - Stopped by Mackenzie Blackwood without a rebound.
15:52 of 2nd period - Corey Trivino wins face-off versus Stefan Matteau in Icehogs zone.
16:03 of 2nd period - Slapshot by Corey Trivino.
16:03 of 2nd period - Stopped by Mackenzie Blackwood without a rebound.
16:04 of 2nd period - Stefan Matteau wins face-off versus Corey Trivino in Icehogs zone.
16:17 of 2nd period - Mike Reilly is hit by Dean Kukan and loses puck.
16:43 of 2nd period - Penalty to Nick Mattson is over, Nick Mattson is back on ice.
16:52 of 2nd period - Stefan Matteau is hit by Kole Sherwood and loses puck.
17:13 of 2nd period - Slapshot by Mikhail Grigorenko.
17:13 of 2nd period - Goal by Mikhail Grigorenko - Rocket : 2 - Icehogs : 3.
17:14 of 2nd period - Kristian Reichel wins face-off versus Corey Trivino in neutral zone.
17:39 of 2nd period - Hudson Fasching is hit by Kole Sherwood and loses puck.
17:53 of 2nd period - Off-side.
17:54 of 2nd period - Corey Trivino wins face-off versus Kristian Reichel in neutral zone.
18:25 of 2nd period - Slapshot by Scott Wilson.
18:25 of 2nd period - Stopped by Mackenzie Blackwood with a rebound.
18:27 of 2nd period - Wrist shot by Sergey Tolchinsky.
18:27 of 2nd period - Deflect By Peter Holland.
18:27 of 2nd period - Stopped by Mackenzie Blackwood without a rebound.
18:28 of 2nd period - Clark Bishop wins face-off versus Corey Trivino in Icehogs zone.
18:33 of 2nd period - Andrew Mangiapane is hit by Adam Gaudette and loses puck.
18:53 of 2nd period - Stefan Matteau is hit by Peter Holland and loses puck.
19:02 of 2nd period - Wrist shot by Michael Chaput.
19:02 of 2nd period - Shot Misses the Net.
19:18 of 2nd period - Mikhail Grigorenko is hit by Karson Kuhlman and loses puck.
19:24 of 2nd period - Icing by Patrick Sieloff.
19:25 of 2nd period - Corey Trivino wins face-off versus Kristian Reichel in Icehogs zone.
19:27 of 2nd period - Minor Penalty to Adam Gaudette for Roughing.
19:28 of 2nd period - Michael Chaput wins face-off versus Karson Kuhlman in Rocket zone.
19:40 of 2nd period - Snap shot by Hudson Fasching.
19:40 of 2nd period - Shot Blocked by Sergey Tolchinsky.
Goals for this period are 0 for Rocket vs 2 for Icehogs.
Shots for this period are 18 for Rocket vs 11 for Icehogs.
3rd period
0:01 of 3rd period - Michael Chaput wins face-off versus Karson Kuhlman in neutral zone.
1:21 of 3rd period - Jack Glover is hit by Patrick Sieloff and loses puck.
1:27 of 3rd period - Penalty to Adam Gaudette is over, Adam Gaudette is back on ice.
2:15 of 3rd period - Snap shot by Peter Holland.
2:15 of 3rd period - Stopped by Mackenzie Blackwood without a rebound.
2:16 of 3rd period - Peter Holland wins face-off versus Kristian Reichel in Icehogs zone.
2:17 of 3rd period - Wrist shot by Scott Wilson.
2:17 of 3rd period - Stopped by Mackenzie Blackwood without a rebound.
2:18 of 3rd period - Peter Holland wins face-off versus Michael Chaput in Icehogs zone.
2:27 of 3rd period - Wrist shot by Michael Chaput.
2:27 of 3rd period - Shot Misses the Net.
2:29 of 3rd period - Wrist shot by Michael Chaput.
2:29 of 3rd period - Shot Misses the Net.
2:31 of 3rd period - Snap shot by Hudson Fasching.
2:31 of 3rd period - Goal by Hudson Fasching - Rocket : 2 - Icehogs : 4.
2:32 of 3rd period - Corey Trivino wins face-off versus Michael Chaput in neutral zone.
2:34 of 3rd period - Off-side.
2:35 of 3rd period - Corey Trivino wins face-off versus Michael Chaput in neutral zone.
2:48 of 3rd period - Snap shot by Adam Gaudette.
2:48 of 3rd period - Shot Blocked by Mike Reilly.
2:50 of 3rd period - Snap shot by Adam Gaudette.
2:50 of 3rd period - Stopped by Mackenzie Blackwood with a rebound.
3:30 of 3rd period - Snap shot by Mikhail Grigorenko.
3:30 of 3rd period - Stopped by Aaron Dell with a rebound.
3:32 of 3rd period - Snap shot by Mikhail Grigorenko.
3:32 of 3rd period - Shot Misses the Net.
3:34 of 3rd period - Slapshot by Mike Reilly.
3:34 of 3rd period - Shot Misses the Net.
3:48 of 3rd period - Myles Bell is hit by Adam Gaudette and loses puck.
4:29 of 3rd period - Wrist shot by Peter Holland.
4:29 of 3rd period - Shot Blocked by Julius Honka.
4:31 of 3rd period - Wrist shot by Jack Glover.
4:31 of 3rd period - Stopped by Mackenzie Blackwood with a rebound.
4:33 of 3rd period - Snap shot by Jack Glover.
4:33 of 3rd period - Stopped by Mackenzie Blackwood without a rebound.
4:34 of 3rd period - Kristian Reichel wins face-off versus Corey Trivino in Icehogs zone.
4:39 of 3rd period - Slapshot by Patrick Sieloff.
4:39 of 3rd period - Deflect By Adam Gaudette.
4:39 of 3rd period - Stopped by Aaron Dell without a rebound.
4:40 of 3rd period - Kristian Reichel wins face-off versus Corey Trivino in Rocket zone.
5:15 of 3rd period - Snap shot by Michael Chaput.
5:15 of 3rd period - Shot Blocked by Dylan DeMelo.
6:32 of 3rd period - Andrey Pedan is hit by Mike Reilly and loses puck.
6:51 of 3rd period - Andrei Mironov is hit by Clark Bishop and loses puck.
7:08 of 3rd period - Andrei Mironov is hit by Kristian Reichel and loses puck.
7:25 of 3rd period - Corey Trivino is hit by Patrick Sieloff and loses puck.
7:47 of 3rd period - Icing by Scott Wilson.
7:48 of 3rd period - Kristian Reichel wins face-off versus Karson Kuhlman in Rocket zone.
7:53 of 3rd period - Wrist shot by Mikhail Grigorenko.
7:53 of 3rd period - Shot Misses the Net.
7:55 of 3rd period - Slapshot by Calle Andersson.
7:55 of 3rd period - Shot Misses the Net.
7:57 of 3rd period - Snap shot by Mikhail Grigorenko.
7:57 of 3rd period - Stopped by Aaron Dell with a rebound.
7:59 of 3rd period - Snap shot by Mikhail Grigorenko.
7:59 of 3rd period - Shot Misses the Net.
8:01 of 3rd period - Wrist shot by Patrick Russell.
8:01 of 3rd period - Shot Misses the Net.
8:03 of 3rd period - Snap shot by Mikhail Grigorenko.
8:03 of 3rd period - Shot Misses the Net.
8:42 of 3rd period - Snap shot by Sergey Tolchinsky.
8:42 of 3rd period - Stopped by Mackenzie Blackwood with a rebound.
8:44 of 3rd period - Snap shot by Peter Holland.
8:44 of 3rd period - Shot Misses the Net.
9:28 of 3rd period - Slapshot by Mikhail Grigorenko.
9:28 of 3rd period - Stopped by Aaron Dell without a rebound.
9:29 of 3rd period - Corey Trivino wins face-off versus Clark Bishop in Rocket zone.
9:34 of 3rd period - Dylan DeMelo is hit by Mike Reilly and loses puck.
10:16 of 3rd period - Myles Bell is hit by Andrey Pedan and loses puck.
11:05 of 3rd period - Julius Honka is hit by Ty Rattie and loses puck.
11:42 of 3rd period - Mike Reilly is hit by Karson Kuhlman and loses puck.
12:19 of 3rd period - Off-side.
12:20 of 3rd period - Clark Bishop wins face-off versus Dominic Turgeon in neutral zone.
12:29 of 3rd period - Wrist shot by Kurtis Gabriel.
12:29 of 3rd period - Stopped by Aaron Dell with a rebound.
12:49 of 3rd period - Brandon Pirri is hit by Mike Reilly and loses puck.
14:05 of 3rd period - Snap shot by Ty Rattie.
14:05 of 3rd period - Shot Misses the Net.
14:07 of 3rd period - Backhand shot by Dominic Turgeon.
14:07 of 3rd period - Shot Misses the Net.
14:17 of 3rd period - Sergey Tolchinsky is hit by Julius Honka.
14:55 of 3rd period - Slapshot by Hudson Fasching.
14:55 of 3rd period - Shot Misses the Net.
14:57 of 3rd period - Wrist shot by Michael Chaput.
14:57 of 3rd period - Shot Misses the Net.
14:59 of 3rd period - Snap shot by Michael Chaput.
14:59 of 3rd period - Shot Blocked by Andrei Mironov.
15:21 of 3rd period - Slapshot by Scott Wilson.
15:21 of 3rd period - Stopped by Mackenzie Blackwood without a rebound.
15:22 of 3rd period - Clark Bishop wins face-off versus Karson Kuhlman in Icehogs zone.
16:24 of 3rd period - Snap shot by Sergey Tolchinsky.
16:24 of 3rd period - Shot Blocked by Mike Reilly.
16:26 of 3rd period - Snap shot by Peter Holland.
16:26 of 3rd period - Stopped by Mackenzie Blackwood with a rebound.
16:28 of 3rd period - Backhand shot by Scott Wilson.
16:28 of 3rd period - Deflect By Peter Holland.
16:28 of 3rd period - Shot Misses the Net.
16:28 of 3rd period - Puck is out of play.
16:29 of 3rd period - Michael Chaput wins face-off versus Karson Kuhlman in Icehogs zone.
17:01 of 3rd period - Brandon Pirri is hit by Andrew Mangiapane and loses puck.
17:34 of 3rd period - Snap shot by Scott Wilson.
17:34 of 3rd period - Stopped by Mackenzie Blackwood without a rebound.
17:35 of 3rd period - Scott Wilson wins face-off versus Kristian Reichel in Icehogs zone.
17:48 of 3rd period - Slapshot by Patrick Russell.
17:48 of 3rd period - Stopped by Aaron Dell without a rebound.
17:49 of 3rd period - Stefan Matteau wins face-off versus Karson Kuhlman in Rocket zone.
18:16 of 3rd period - Andrey Pedan is hit by Kurtis Gabriel.
18:39 of 3rd period - Andrei Mironov is hit by Michael Chaput and loses puck.
19:04 of 3rd period - Stefan Matteau is hit by Scott Wilson and loses puck.
19:26 of 3rd period - Icing by Corey Trivino.
19:27 of 3rd period - Mattias Janmark wins face-off versus Corey Trivino in Rocket zone.
19:45 of 3rd period - Icing by Jeremy Davies.
19:46 of 3rd period - Michael Chaput wins face-off versus Corey Trivino in Icehogs zone.
Goals for this period are 0 for Rocket vs 1 for Icehogs.
Shots for this period are 9 for Rocket vs 7 for Icehogs.